 Dungeon Crawl Stone Soup version 0.29-a0-321-gf1c400731a (webtiles) character file.

Game seed: 14230252437866190880

163 drugrobin the Chopper (level 5, 0/39 (46) HPs)
             Began as a Demigod Fighter on Apr 3, 2022.
             Slain by a wight
             ... wielding a +0 scimitar
              (4 damage)
             ... on level 6 of the Dungeon.
             The game lasted 00:04:38 (2777 turns).

drugrobin the Chopper (Demigod Fighter)             Turns: 2777, Time: 00:04:39

HP:   0/39 (46)     AC: 16    Str: 21    XL:     5   Next: 0%
MP:   7/7           EV:  5    Int: 10    God:
Gold: 182           SH:  4    Dex: 13    Spells: 4/4 levels left

rFire   . . .      SeeInvis .   a - +0 war axe
rCold   . . .      Faith    .   c - +0 buckler
rNeg    . . .      Spirit   .   w - +0 plate armour
rPois   +          Reflect  .   (no helmet)
rElec   .          Harm     .   (no cloak)
rCorr   .          Rampage  .   p - +0 pair of gloves
Will    .....                   (no boots)
Stlth   ..........              r - amulet of magic regeneration
HPRegen 0.13/turn               m - +4 ring of protection
MPRegen 0.50/turn               i - ring of poison resistance

@: heavily drained
A: high MP 1, forlorn, divine attributes
a: no special abilities


You were on level 6 of the Dungeon.
You visited 1 branch of the dungeon, and saw 5 of its levels.

You collected 182 gold pieces.

Inventory:

Hand Weapons
 a - a +0 war axe (weapon)
Armour
 b - a +0 scale mail
 c - a +0 buckler (worn)
 g - a +0 kite shield
 p - a +0 pair of gloves (worn)
 w - a +0 plate armour (worn)
Jewellery
 i - a ring of poison resistance (right hand)
 m - a +4 ring of protection (left hand)
 r - an amulet of magic regeneration (around neck)
Scrolls
 e - a scroll of torment {unknown}
 j - a scroll of summoning {unknown}
 k - a scroll of enchant armour {unknown}
 n - a scroll of teleportation {unknown}
 o - 4 scrolls of identify {unknown}
 q - a scroll of immolation {unknown}
 u - a scroll of acquirement {unknown}
Potions
 d - a potion of might
 f - a potion of haste {unknown}
 h - a potion of curing {unknown}
 l - a potion of magic {unknown}
 s - a potion of flight {unknown}
 t - a potion of degeneration {unknown}
 v - a potion of attraction {unknown}


   Skills:
 + Level 3.7 Fighting
 * Level 4.2 Axes
 - Level 2.6 Armour
 - Level 2.6 Shields


You had 4 spell levels left.
You didn't know any spells.
Your spell library contained the following spells:

 Spells                   Type           Power      Damage    Failure   Level
 Animate Skeleton         Necr           0%         N/A       100%        1
 Pain                     Necr           0%         1d4       100%        1
 Sandblast                Erth           0%         2d4       100%        1
 Passwall                 Tmut/Erth      0%         N/A       100%        2
 Stone Arrow              Conj/Erth      0%         3d7       100%        3
 Vampiric Draining        Necr           0%         2d6       100%        3


Dungeon Overview and Level Annotations

Branches:
Dungeon (6/15)
 Temple: D:4-7


Innate Abilities, Weirdness & Mutations

You have an increased reservoir of magic. (+10% MP)
You shall have no god before yourself.
Your divine heritage dramatically boosts your attributes as you level up.


Message History

The wight hits you with a +0 scimitar.
* * * LOW HITPOINT WARNING * * *
You feel drained.
Unknown command.
Unknown command.
Unknown command.
Press: ? - help, v - describe, . - travel
Here: a wight, wielding a +0 scimitar and wearing a +0 robe (heavily damaged)
The floor.
Unknown command.
Unknown command.
Unknown command.
Unknown command.
Unknown command.
Unknown command.
You closely miss the wight.
The wight is heavily damaged.
The wight hits you but does no damage.
Unknown command.
Unknown command.
Unknown command.
Unknown command.
Unknown command.
Unknown command.
Unknown command.
Unknown command.
You hit the wight.
The wight is heavily damaged.
The wight hits you but does no damage. x2
Unknown command.
Unknown command.
You closely miss the wight.
The wight is heavily damaged.
You block the wight's attack.
Unknown command.
Unknown command.
You closely miss the wight.
The wight is heavily damaged.
The wight hits you with a +0 scimitar.
You die...

.. #....# .. #.
##....##..
#..#.......... .
##.....#.......
..#....#.........
.....##.........
...#...#.........
...#....รท......#
......z@<...#..#
.......).)..####
.............#
>##...........#
#...#........#
#..##..........
.[.. .......#...
.............####
...#........##


You could see a wight.

Vanquished Creatures
  A gnoll sergeant (D:6)
  A gnoll (D:6)
  5 adders
  2 worms (D:2)
  A dart slug (D:1)
  An orc (D:3)
  4 ball pythons
  3 endoplasms
  2 giant cockroaches (D:1)
  5 goblins (D:1)
  3 hobgoblins
  2 quokkas
  4 bats
  2 kobolds
  5 rats
  2 toadstools (D:1)
43 creatures vanquished.

Vanquished Creatures (others)
  5 demonic plants (D:1)
  5 fungi (D:1)
  2 toadstools (D:1)
12 creatures vanquished.

Grand Total: 55 creatures vanquished

Notes
Turn   | Place    | Note
-------+----------+-------------------------------------------
     0 | D:1      | drugrobin the Demigod Fighter began the quest for the Orb.
     0 | D:1      | Reached XP level 1. HP: 18/18 MP: 3/3
   122 | D:1      | Reached skill level 2 in Axes
   337 | D:1      | Reached XP level 2. HP: 22/25 MP: 4/4
  1370 | D:2      | Reached XP level 3. HP: 28/31 MP: 5/5
  1404 | D:2      | Reached skill level 3 in Axes
  2304 | D:3      | Reached XP level 4. HP: 38/38 MP: 6/6
  2416 | D:3      | You fall into a shaft and drop 3 floors!
  2432 | D:5      | Entered Level 5 of the Dungeon
  2472 | D:5      | Noticed a gnoll sergeant
  2581 | D:6      | Killed a gnoll sergeant
  2582 | D:6      | Reached skill level 4 in Axes
  2582 | D:6      | Reached XP level 5. HP: 20/46 MP: 7/7
  2777 | D:6      | Slain by a wight

Illustrated notes

Levels and vault maps discovered:
D:1:      saegor_arrival_simple_e, layout_loops_ring,
          hellmonk_ecumenical_altar_prayer_group, dreamdust_princess_corridor,
          minmay_gold_behind_fungi
D:2:      layout_basic
D:3:      layout_basic, mainiacjoe_overflow_alcove_4
D:5:      layout_rooms, chequers_serial_rivers_large_b
D:6:      layout_cave_pools

Skill      XL: |  1  2  3  4 |
---------------+-------------+-----
Axes           | 2 3 4 |  4.2
Fighting       | 3 |  3.7
Armour         | |  2.6
Shields        | |  2.6

Action                   |  1- 3 |  4- 6 || total
-------------------------+-------+-------++-------
Melee: War axe           |   115 |    46 ||   161
Throw: Dart              |       |     7 ||     7
Armor: Scale mail        |    60 |     6 ||    66
       Plate armour      |       |    20 ||    20
Dodge: Dodged            |    49 |    13 ||    62
Block: Buckler           |    28 |    10 ||    38

Table legend: (Time is in decaauts)
 A = Elapsed time spent in this place.
 B = Non-inter-level travel time spent in this place.
 C = Inter-level travel time spent in this place.
 D = Time resting spent in this place.
 E = Time spent auto-exploring this place.
 F = Levels seen in this place.
 G = Mean time per level.
                   A        B        C        D        E       F      G
               +--------+--------+--------+--------+--------+-----+--------+
         Total |   2843 |   2623 |    220 |    224 |   1792 |   5 |  568.6 |
       Dungeon |   2843 |   2623 |    220 |    224 |   1792 |   5 |  568.6 |
               +--------+--------+--------+--------+--------+-----+--------+

Top non-repeatable levels by time:
     D:1: 1257 daAuts
     D:2: 897 daAuts
     D:3: 312 daAuts
     D:6: 300 daAuts
     D:5: 76 daAuts
